Map: 포트 알렉산더 - 래더

Players

Zest - Winner!

  • Race: Protoss Protoss
  • Spawn Location: 5:00

herO

  • Race: Protoss Protoss
  • Spawn Location: 11:00

Event: IEM Season 13: Katowice (2019)

VOD

Have the link to the VOD?

Description

Time

  • Played on: Feb. 28, 2019, 5:26 a.m.
  • Length: 7:21

All games in this series

Show
View Real Time Build Order
Export as new Build Order

Zest Protoss - Winner!

Build Orders: Phoenix Opening 

Get SALT Encoding   

  12  0:00  Probe  
  13  0:13  Probe  
  14  0:18  Pylon  
  14  0:24  Probe  
  15  0:32  Probe  
  15  0:38  Gateway  
  15  0:40  Probe  
  16  0:47  Assimilator  
  17  0:51  Probe  
  17  0:55  Assimilator  
  18  1:00  Probe  
  19  1:08  Probe  
  19  1:09  Gateway  
  19  1:17  Probe  
  21  1:25  Cybernetics Core  
  21  1:29  Probe  
  22  1:36  Pylon  
  22  1:41  Probe  
  24  1:54  Probe  
  24  2:02  Stalker  
  24  2:03  Warp Gate, Sentry  
  28  2:11  Pylon  
  28  2:24  Pylon  
  28  2:30  Stargate  
  28  2:42  Stalker  
  30  2:49  Stalker  
  32  3:08  Nexus  
  34  3:21  Shield Battery  
  34  3:23  Phoenix  
  34  3:38  Pylon  
  34  3:41  Phoenix  
  32  4:02  Phoenix  
  34  4:12  Stalker x2  
  34  4:27  Phoenix  
  34  4:30  Gateway, Pylon  
  36  4:32  Pylon  
  36  4:36  Stalker  
  38  4:43  Phoenix  
  38  4:46  Pylon  
  40  4:58  Probe  
  41  5:10  Phoenix  
  43  5:18  Nexus  
  43  5:22  Probe  
  44  5:34  Probe  
  45  5:37  Robotics Facility  
  45  5:46  Probe  
  46  5:55  Sentry, Zealot, Stalker  
  52  6:01  Probe  
  49  6:15  Immortal  
  49  6:18  Shield Battery  
  49  6:29  Pylon  
  53  6:39  Zealot x2  
  55  6:44  Probe  
  51  6:57  Stalker  
  45  7:08  Stalker  
  45  7:09  Stalker  
Show
View Real Time Build Order
Export as new Build Order

herO Protoss 

Build Orders: Phoenix Opening 

Get SALT Encoding   

  12  0:00  Probe  
  13  0:13  Probe  
  14  0:17  Pylon  
  14  0:24  Probe  
  15  0:32  Probe  
  15  0:38  Gateway  
  15  0:40  Probe  
  16  0:47  Assimilator  
  17  0:50  Probe  
  18  0:58  Probe, Assimilator  
  19  1:06  Probe  
  20  1:12  Gateway  
  20  1:17  Probe  
  21  1:28  Cybernetics Core  
  21  1:30  Probe  
  22  1:38  Pylon  
  22  1:42  Probe  
  23  1:56  Probe  
  24  2:05  Warp Gate, Adept x2  
  28  2:18  Pylon  
  28  2:30  Stargate  
  28  2:35  Stalker  
  28  2:36  Stalker  
  31  3:05  Gateway, Phoenix  
  31  3:17  Stalker  
  31  3:18  Pylon  
  35  3:23  Phoenix  
  35  3:33  Pylon  
  37  3:43  Phoenix  
  37  3:57  Stalker x2  
  37  4:01  Adept  
  41  4:23  Probe  
  37  4:26  Twilight Council  
  37  4:37  Oracle  
  38  4:45  Blink  
  37  4:51  Nexus  
  40  4:53  Probe  
  41  5:05  Probe  
  42  5:17  Probe  
  42  5:20  Pylon  
  43  5:26  Stalker  
  45  5:30  Probe  
  46  5:42  Probe  
  47  5:43  Stalker  
  47  5:46  Stalker  
  51  5:54  Probe  
  51  5:56  Stalker  
  54  6:05  Probe  
  54  6:06  Probe  
  49  6:23  Stalker x2  
  49  6:24  Stalker  
  53  6:34  Pylon  

Tags
 
Add a new tag
Caveats
  • Supply blocks, unpowered buildings, or Contaminate may cause inaccurate times.
  • Supply counts are checked every 10 seconds.